ORI
OREGON STATE UNIVERSITY BEAVERS @ CALIFORNIA STATE UNIVERSITY AT FULLERTON TITANS
07/24/2046
 
TOP OF THE 1ST
Oregon State University Beavers batting - Pitching for California State University at Fullerton Titans : RHP Hideshi Kusano
Pitching: RHP Hideshi Kusano
Batting: RHB Tom Parry 0-0: Ball
1-0: Ball
2-0: Called Strike
2-1: Ground out 6-3 (Groundball, 56, EV 103.8 MPH)
Batting: RHB Andy Heimark 0-0: Ball
1-0: Called Strike
1-1: Ball
2-1: Ball
3-1: Foul Ball, location: 2F
3-2: Foul Ball, location: 2F
3-2: SINGLE (Groundball, 56D, EV 103.8 MPH)
Batting: LHB Scott Fuller 0-0: Ball
1-0: Ball
2-0: Grounds out, U3 (Groundball, 3L, EV 84.4 MPH)
Batting: SHB Bill Casal 0-0: Ball
1-0: Foul Ball, location: 2F
1-1: Ground out 3-1 (Groundball, 34, EV 82.5 MPH)
Top of the 1st over - 0 runs, 1 hit, 0 errors, 1 left on base; Oregon State University 0 - California State University at Fullerton 0
BOTTOM OF THE 1ST
California State University at Fullerton Titans batting - Pitching for Oregon State University Beavers : RHP Dave Kieran
Pitching: RHP Dave Kieran
Batting: RHB Scott Payne 0-0: Ball
1-0: Ball
2-0: Foul Ball, location: 2F
2-1: Ball
3-1: Called Strike
3-2: Fly out, F7 (Flyball, 7S, EV 94.4 MPH)
Batting: LHB Nikita van Oorschot 0-0: Called Strike
0-1: Swinging Strike
0-2: Foul Ball, location: 2F
0-2: Ground out 4-3 (Groundball, 4, EV 85.6 MPH)
Batting: RHB Juan Maravilla 0-0: Ball
1-0: Ball
2-0: Foul Ball, location: 2F
2-1: Foul Ball, location: 2F
2-2: Fly out, F3 (Popup, 23F, EV 91.9 MPH)
Bottom of the 1st over - 0 runs, 0 hits, 0 errors, 0 left on base; Oregon State University 0 - California State University at Fullerton 0
TOP OF THE 2ND
Oregon State University Beavers batting - Pitching for California State University at Fullerton Titans : RHP Hideshi Kusano
Batting: RHB Paul Hark 0-0: Ball
1-0: Foul Ball, location: 2F
1-1: Swinging Strike
1-2: Ball
2-2: Ball
3-2: Fly out, F8 (Flyball, 8RD, EV 98.8 MPH)
Batting: SHB J.D. Hall 0-0: Ball
1-0: Foul Ball, location: 2F
1-1: Foul Ball, location: 2F
1-2: Strikes out looking
Batting: LHB Willie Cortes 0-0: Ball
1-0: Foul Ball, location: 2F
1-1: Ball
2-1: Swinging Strike
2-2: Strikes out swinging
Top of the 2nd over - 0 runs, 0 hits, 0 errors, 0 left on base; Oregon State University 0 - California State University at Fullerton 0
BOTTOM OF THE 2ND
California State University at Fullerton Titans batting - Pitching for Oregon State University Beavers : RHP Dave Kieran
Batting: LHB Hakizimana Kubweza 0-0: Ball
1-0: Called Strike
1-1: Foul Ball, location: 2F
1-2: Ball
2-2: Ball
3-2: Base on Balls
Batting: RHB Kody Iburg 0-0: Called Strike
0-1: Foul Ball, location: 2F
0-2: Foul Ball, location: 2F
0-2: Strikes out swinging
Batting: LHB John Simoes 0-0: Ball
1-0: Ball
2-0: Ball
3-0: Called Strike
3-1: Foul Ball, location: 2F
3-2: Foul Ball, location: 2F
3-2: Base on Balls
Hakizimana Kubweza to second
Batting: RHB Josh Dale 0-0: Ball
1-0: Ball
2-0: Foul Ball, location: 2F
2-1: Grounds into double play, 5-4-3 (Groundball, 56, EV 92.5 MPH)
Bottom of the 2nd over - 0 runs, 0 hits, 0 errors, 1 left on base; Oregon State University 0 - California State University at Fullerton 0
TOP OF THE 3RD
Oregon State University Beavers batting - Pitching for California State University at Fullerton Titans : RHP Hideshi Kusano
Batting: RHB Kevin McKee 0-0: Ball
1-0: Bunted foul
1-1: Ground out U3 (Groundball, 3, EV 84.4 MPH)
Batting: LHB Simon Thomas 0-0: Ball
1-0: Called Strike
1-1: Ball
2-1: SINGLE (Groundball, 4M, EV 111.9 MPH)
Batting: RHB Tom Parry 0-0: Ball
1-0: Ball
2-0: Called Strike
2-1: Fielders Choice at 2nd, 1-6 (Groundball, 13S, EV 62.5 MPH)
Batting: RHB Andy Heimark 0-0: Ball
1-0: Foul Ball, location: 2F
1-1: Swinging Strike
1-2: Strikes out swinging
Top of the 3rd over - 0 runs, 1 hit, 0 errors, 1 left on base; Oregon State University 0 - California State University at Fullerton 0
BOTTOM OF THE 3RD
California State University at Fullerton Titans batting - Pitching for Oregon State University Beavers : RHP Dave Kieran
Batting: LHB Brian Ide 0-0: Foul Ball, location: 2F
0-1: Called Strike
0-2: Ground out 5-3 (Groundball, 56, EV 106.2 MPH)
Batting: RHB Alex Reyes 0-0: Called Strike
0-1: Ball
1-1: Ball
2-1: SINGLE (Flyball, 4D, EV 83.1 MPH)
Batting: RHB Scott Payne 0-0: Foul Ball, location: 2F
0-1: Ball
1-1: Foul Ball, location: 2F
1-2: Strikes out swinging
Batting: LHB Nikita van Oorschot 0-0: Ball
1-0: Foul Ball, location: 2F
1-1: Called Strike
Alex Reyes steals 2nd base
1-2: Fly out, F4 (Line Drive, 4, EV 74.4 MPH)
Bottom of the 3rd over - 0 runs, 1 hit, 0 errors, 1 left on base; Oregon State University 0 - California State University at Fullerton 0
TOP OF THE 4TH
Oregon State University Beavers batting - Pitching for California State University at Fullerton Titans : RHP Hideshi Kusano
Batting: LHB Scott Fuller 0-0: Ball
1-0: Swinging Strike
1-1: Ball
2-1: SINGLE (Groundball, 6, EV 96.9 MPH)
Batting: SHB Bill Casal 0-0: Called Strike
0-1: Foul Ball, location: 2F
0-2: Ball
1-2: Foul Ball, location: 2F
1-2: SINGLE (Groundball, 3D, EV 98.8 MPH)
Scott Fuller to second
Runner from 2nd tries for 3rd, SAFE, throw by RF made to third
Batting: RHB Paul Hark 0-0: Ball
1-0: Ball
2-0: SINGLE (Groundball, 6M, EV 100.0 MPH)
Scott Fuller scores
Bill Casal to second
Runner from 2nd tries for 3rd, SAFE, throw by CF made to third
Batting: SHB J.D. Hall 0-0: SINGLE (Groundball, 4MD, EV 104.4 MPH)
Bill Casal scores
Paul Hark to second
Runner from 2nd tries for 3rd, SAFE, throw by CF made to third
Batting: LHB Willie Cortes 0-0: Foul Ball, location: 2F
0-1: Ball
1-1: Called Strike
1-2: Ball
2-2: Ball
3-2: Base on Balls
J.D. Hall to second
Batting: RHB Kevin McKee 0-0: Ball
1-0: Ball
2-0: Foul Ball, location: 2F
2-1: Swinging Strike
2-2: Strikes out swinging
Batting: LHB Simon Thomas 0-0: Called Strike
0-1: Ball
1-1: Ball
2-1: Ball
3-1: Called Strike
3-2: Strikes out looking
Pitching: RHP Eric Harris
Batting: RHB Tom Parry 0-0: Swinging Strike
0-1: Called Strike
0-2: Ball
Wild Pitch!
Paul Hark scores
J.D. Hall to third
Willie Cortes to second
1-2: Foul Ball, location: 2F
1-2: Foul Ball, location: 2F
1-2: Ball
2-2: Ball
3-2: Strikes out swinging
Top of the 4th over - 3 runs, 4 hits, 0 errors, 2 left on base; Oregon State University 3 - California State University at Fullerton 0
BOTTOM OF THE 4TH
California State University at Fullerton Titans batting - Pitching for Oregon State University Beavers : RHP Dave Kieran
Batting: RHB Juan Maravilla 0-0: Ball
1-0: Ball
2-0: Swinging Strike
2-1: Swinging Strike
2-2: Ball
3-2: SINGLE (Groundball, 56, EV 90.0 MPH) (infield hit)
Batting: LHB Hakizimana Kubweza 0-0: Called Strike
0-1: Called Strike
0-2: Ball
1-2: Foul Ball, location: 2F
1-2: Ball
2-2: Hit by Pitch
Juan Maravilla to second
Batting: RHB Kody Iburg 0-0: Ball
1-0: Ball
2-0: Grounds into double play, 6-4-3 (Groundball, 6, EV 104.4 MPH)
Juan Maravilla to third
Batting: LHB John Simoes 0-0: Called Strike
0-1: Ball
1-1: Called Strike
1-2: Ball
2-2: Foul Ball, location: 2F
2-2: Ground out 6-3 (Groundball, 6, EV 86.2 MPH)
Bottom of the 4th over - 0 runs, 1 hit, 0 errors, 1 left on base; Oregon State University 3 - California State University at Fullerton 0
TOP OF THE 5TH
Oregon State University Beavers batting - Pitching for California State University at Fullerton Titans : RHP Eric Harris
Pitching: RHP Gertrudes Pablo
Now at C: Tyler Skinner
Now at 1B: Xander Judson
Now at 3B: Steve Stauffacher
Batting: RHB Andy Heimark 0-0: Ball
1-0: Swinging Strike
1-1: Swinging Strike
1-2: Foul Ball, location: 2F
1-2: Foul Ball, location: 2F
1-2: Ball
2-2: Ball
3-2: Ground out 6-3 (Groundball, 6, EV 103.1 MPH)
Batting: LHB Scott Fuller 0-0: Foul Ball, location: 2F
0-1: Ball
1-1: Ball
2-1: Foul Ball, location: 2F
2-2: Ground out 4-3 (Groundball, 34, EV 98.1 MPH)
Batting: SHB Bill Casal 0-0: Ball
1-0: Foul Ball, location: 2F
1-1: Hit by Pitch
Batting: RHB Paul Hark 0-0: Ball
1-0: Called Strike
1-1: Foul Ball, location: 2F
1-2: Ball
2-2: Ball
3-2: Fly out, F8 (Flyball, 8LXD, EV 100.0 MPH)
Top of the 5th over - 0 runs, 0 hits, 0 errors, 1 left on base; Oregon State University 3 - California State University at Fullerton 0
BOTTOM OF THE 5TH
California State University at Fullerton Titans batting - Pitching for Oregon State University Beavers : RHP Dave Kieran
Now in LF: Zi-cheng Fung
Batting: RHB Josh Dale 0-0: Swinging Strike
0-1: Ball
1-1: Foul Ball, location: 2F
1-2: Strikes out swinging
Pitching: RHP Gregg Hill
Batting: LHB Brian Ide 0-0: Ball
1-0: Ball
2-0: Foul Ball, location: 2F
2-1: Ground out U3 (Groundball, 34, EV 82.5 MPH)
Batting: RHB Alex Reyes 0-0: Ball
1-0: Called Strike
1-1: Ball
2-1: Foul Ball, location: 2F
2-2: Strikes out swinging
Bottom of the 5th over - 0 runs, 0 hits, 0 errors, 0 left on base; Oregon State University 3 - California State University at Fullerton 0
TOP OF THE 6TH
Oregon State University Beavers batting - Pitching for California State University at Fullerton Titans : RHP Gertrudes Pablo
Pitching: RHP Jordan Montoya
Batting: RHB Mark Kenney 0-0: Called Strike
0-1: Ball
1-1: Ball
2-1: Foul Ball, location: 2F
2-2: Foul Ball, location: 2F
2-2: Ground out 4-3 (Groundball, 4, EV 80.6 MPH)
Batting: RHB Zi-cheng Fung 0-0: Ball
1-0: Foul Ball, location: 2F
1-1: Foul Ball, location: 2F
1-2: Foul Ball, location: 2F
1-2: Ball
2-2: Ball
3-2: Fly out, F6 (Popup, 56D, EV 50.0 MPH)
Batting: RHB Kevin McKee 0-0: Ball
1-0: Called Strike
1-1: Foul Ball, location: 2F
1-2: Foul Ball, location: 2F
1-2: Strikes out looking
Top of the 6th over - 0 runs, 0 hits, 0 errors, 0 left on base; Oregon State University 3 - California State University at Fullerton 0
BOTTOM OF THE 6TH
California State University at Fullerton Titans batting - Pitching for Oregon State University Beavers : RHP Gregg Hill
Pitching: LHP Bora Santrac
Pinch Hitting: RHB Mike Serrano 0-0: DOUBLE (Line Drive, 3D, EV 100.0 MPH)
Batting: RHB Manny Velazquez 0-0: Called Strike
0-1: Ground out 4-3 (Groundball, 4S, EV 86.9 MPH)
Mike Serrano to third
Batting: LHB Xander Judson 0-0: Swinging Strike
0-1: Ball
1-1: Ball
2-1: Ball
3-1: Called Strike
3-2: Ground out 3-1 (Groundball, 34, EV 89.4 MPH)
Mike Serrano scores
Batting: RHB Tyler Skinner 0-0: Swinging Strike
0-1: Hit by Pitch
Batting: RHB Steve Stauffacher 0-0: Ball
1-0: Foul Ball, location: 2F
1-1: Foul Ball, location: 2F
1-2: Strikes out swinging
Bottom of the 6th over - 1 run, 1 hit, 0 errors, 1 left on base; Oregon State University 3 - California State University at Fullerton 1
TOP OF THE 7TH
Oregon State University Beavers batting - Pitching for California State University at Fullerton Titans : RHP Jordan Montoya
Pitching: RHP Josh Gould
Now in CF: Mike Serrano
Batting: LHB Simon Thomas 0-0: Called Strike
0-1: Ball
1-1: Ball
2-1: Ball
3-1: Called Strike
3-2: Ground out 4-3 (Groundball, 4MS, EV 94.4 MPH)
Pinch Hitting: RHB Jeremy Scott 0-0: Called Strike
0-1: DOUBLE (Groundball, 3L, EV 110.0 MPH)
Batting: RHB Andy Heimark 0-0: Ball
1-0: Ball
2-0: Ground out 6-3 (Groundball, 6, EV 80.6 MPH)
Batting: LHB Scott Fuller 0-0: Ball
1-0: Ground out 6-3 (Groundball, 6, EV 85.0 MPH)
Top of the 7th over - 0 runs, 1 hit, 0 errors, 1 left on base; Oregon State University 3 - California State University at Fullerton 1
BOTTOM OF THE 7TH
California State University at Fullerton Titans batting - Pitching for Oregon State University Beavers : LHP Bora Santrac
Now at 2B: Jeremy Scott
Batting: LHB John Simoes 0-0: Called Strike
0-1: Ball
1-1: Ball
2-1: Fly out, F8 (Flyball, 89M, EV 90.0 MPH)
Batting: RHB Josh Dale 0-0: Ground out 1-3 (Groundball, P, EV 70.6 MPH)
Batting: LHB Brian Ide 0-0: Called Strike
0-1: SINGLE (Groundball, 56S, EV 96.9 MPH)
Batting: RHB Alex Reyes 0-0: Ball
1-0: Ball
2-0: Called Strike
2-1: Ball
3-1: Foul Ball, location: 2F
3-2: Foul Ball, location: 2F
3-2: Base on Balls
Brian Ide to second
Batting: RHB Mike Serrano 0-0: Ball
1-0: Fly out, F3 (Popup, 3SF, EV 86.9 MPH)
Bottom of the 7th over - 0 runs, 1 hit, 0 errors, 2 left on base; Oregon State University 3 - California State University at Fullerton 1
TOP OF THE 8TH
Oregon State University Beavers batting - Pitching for California State University at Fullerton Titans : RHP Josh Gould
Pinch Hitting: RHB Danny Zarate 0-0: Swinging Strike
0-1: Swinging Strike
0-2: Foul Ball, location: 2F
0-2: Hit by Pitch
Batting: RHB Paul Hark 0-0: Called Strike
0-1: Fly out, F8 (Flyball, 89S, EV 97.5 MPH)
Batting: RHB Mark Kenney 0-0: Ball
1-0: Swinging Strike
1-1: Foul Ball, location: 2F
1-2: Strikes out swinging
Batting: RHB Zi-cheng Fung 0-0: Ball
1-0: Swinging Strike
1-1: Called Strike
1-2: Strikes out looking
Top of the 8th over - 0 runs, 0 hits, 0 errors, 1 left on base; Oregon State University 3 - California State University at Fullerton 1
BOTTOM OF THE 8TH
California State University at Fullerton Titans batting - Pitching for Oregon State University Beavers : LHP Bora Santrac
Pitching: RHP Gideon Lea
Now at 3B: Walter Terlouw
Batting: RHB Mike Hayes 0-0: Swinging Strike
0-1: Foul Ball, location: 2F
0-2: Ball
1-2: Ground out 4-3 (Groundball, 34, EV 92.5 MPH)
Batting: LHB Xander Judson 0-0: Ball
1-0: Called Strike
1-1: Ball
2-1: Foul Ball, location: 2F
2-2: Ball
3-2: Base on Balls
Batting: RHB Tyler Skinner 0-0: Ball
1-0: Foul Ball, location: 2F
1-1: Called Strike
1-2: Ground out 6-3 (Groundball, 6MS, EV 69.4 MPH)
Xander Judson to second
Batting: RHB Steve Stauffacher 0-0: Called Strike
0-1: Swinging Strike
0-2: Ball
1-2: Ball
2-2: Foul Ball, location: 2F
2-2: Ball
3-2: Ground out 5-3 (Groundball, 56, EV 77.5 MPH)
Bottom of the 8th over - 0 runs, 0 hits, 0 errors, 1 left on base; Oregon State University 3 - California State University at Fullerton 1
TOP OF THE 9TH
Oregon State University Beavers batting - Pitching for California State University at Fullerton Titans : RHP Josh Gould
Pitching: RHP Eddie Ortiz
Batting: RHB Kevin McKee 0-0: Ball
1-0: Ground out 4-3 (Groundball, 4, EV 88.1 MPH)
Batting: LHB Simon Thomas 0-0: Foul Ball, location: 2F
0-1: Fly out, F4 (Popup, 34D, EV 70.0 MPH)
Batting: RHB Jeremy Scott 0-0: Ball
1-0: Called Strike
1-1: Ball
2-1: Foul Ball, location: 2F
2-2: Ball
3-2: Foul Ball, location: 2F
3-2: Ground out 6-3 (Groundball, 6, EV 90.6 MPH)
Top of the 9th over - 0 runs, 0 hits, 0 errors, 0 left on base; Oregon State University 3 - California State University at Fullerton 1
BOTTOM OF THE 9TH
California State University at Fullerton Titans batting - Pitching for Oregon State University Beavers : RHP Gideon Lea
Pitching: RHP Yu Wu
Batting: LHB John Simoes 0-0: Foul Ball, location: 2F
0-1: Hit by Pitch
Batting: RHB Josh Dale 0-0: Called Strike
0-1: Ball
1-1: Ball
2-1: 2-RUN HOME RUN (Line Drive, 78XD, EV 111.9 MPH), Distance : 439 ft
Batting: LHB Brian Ide 0-0: Ball
1-0: Ball
2-0: Ball
3-0: Base on Balls
Batting: RHB Alex Reyes 0-0: Ball
1-0: Ball
2-0: Ball
3-0: Called Strike
3-1: Called Strike
3-2: Fly out, F7 (Flyball, 7, EV 88.1 MPH)
Batting: RHB Mike Serrano 0-0: Ball
1-0: Swinging Strike
1-1: Bunt missed!
1-2: Strikes out swinging
Batting: RHB Mike Hayes 0-0: Called Strike
Brian Ide steals 2nd base
0-1: Ball
1-1: Intentional Walk
Batting: LHB Xander Judson 0-0: 3-RUN HOME RUN (Flyball, 89XD, EV 110.0 MPH), Distance : 421 ft
Bottom of the 9th over - 5 runs, 2 hits, 0 errors, 0 left on base; Oregon State University 3 - California State University at Fullerton 6
Tuesday, September 13th , 2022 - OOTP Baseball 23.7 Build 88